 Dungeon Crawl Stone Soup version 0.31-a0-149-g3fdcc5976a (webtiles) character file.

Game seed: 5031138738751582513

557 Pooter the Ruffian (level 7, -14/67 HPs)
             Began as a Troll Fighter on June 7, 2023.
             Demolished by a two-headed ogre
             ... wielding a +0 giant spiked club
              (26 damage)
             ... on level 5 of the Dungeon.
             The game lasted 00:22:43 (3726 turns).

Pooter the Ruffian (Troll Fighter)                  Turns: 3726, Time: 00:22:44

Health: -14/67     AC: -4    Str: 27    XL:     7   Next: 9%
Magic:  6/6        EV:  9    Int:  4    God:
Gold:   255        SH:  8    Dex:  9    Spells: 5/6 levels left

rFire   . .          .
                       - Unarmed
rCold   + . .        g - +0 kite shield
rNeg    . . .        a - +0 robe
rPois   .            (helmet restricted)
rElec   .            (no cloak)
rCorr   .            (gloves unavailable)
SInv    .            (boots unavailable)
Will    .....        (no amulet)
Stlth   +            I - ring of protection from cold
HPRegen 1.11/turn    (no ring)
MPRegen 0.10/turn

%: no passive effects
@: corroded, studying Invocations
A: large, unfitting armour, claws 3, regeneration 1, shaggy fur 1, tough skin 1
a: no special abilities


You were on level 5 of the Dungeon.
You visited 1 branch of the dungeon, and saw 5 of its levels.

You collected 255 gold pieces.

Inventory:

Hand Weapons
 b - a +0 sling of flaming
   (You found it on level 1 of the Dungeon)
 d - a +0 broad axe
   (You found it on level 3 of the Dungeon)
 n - a +0 morningstar
   (You found it on level 2 of the Dungeon)
Missiles
 e - 6 boomerangs (quivered)
 h - 6 silver javelins
 Q - 44 stones
Armour
 a - a +0 robe (worn)
 g - a +0 kite shield (worn)
Jewellery
 I - a ring of protection from cold (left claw)
   (You found it on level 3 of the Dungeon)
Scrolls
 f - a scroll of torment {unknown}
 k - 3 scrolls of fear
 o - a scroll of poison {unknown}
 r - 2 scrolls of blinking
 s - a scroll of vulnerability {unknown}
 t - 2 scrolls of teleportation {@r4}
Potions
 c - a potion of degeneration {unknown}
 i - a potion of haste {unknown}
 j - a potion of lignification {unknown}
 l - 4 potions of curing {@q1}
 m - 2 potions of berserk rage {unknown}
 p - 2 potions of brilliance {unknown}
 q - a potion of attraction {unknown}
 u - a potion of invisibility {unknown}
 v - a potion of mutation {unknown}


   Skills:
 + Level 3.5 Fighting
 + Level 1.9 Ranged Weapons
 + Level 2.6 Throwing
 - Level 2.4 Dodging
 + Level 3.4 Shields
 * Level 4.8 Unarmed Combat
 + Level 0.2 Translocations
 + Level 0.0 Invocations


You had 5 spell levels left.
You knew the following spells:

 Your Spells              Type           Power      Damage    Failure   Level
c - Apportation           Tloc           0%         N/A       71%         1

Your spell library contained the following spells:

 Spells                   Type           Power      Damage    Failure   Level
 Foxfire                  Conj/Fire      0%         2x1d4     75%         1
 Shock                    Conj/Air       0%         1d3       75%         1
 Tukima's Dance           Hex            0%         N/A       98%         3
 Passage of Golubria      Tloc           0%         N/A       100%        4
 Yara's Violent Unravell  Hex/Tmut       0%         3d3       100%        5


Dungeon Overview and Level Annotations

Branches:
Dungeon (5/15)
 Temple: D:4-7

Altars:
Kikubaaqudgha
Trog

Shops:
D:3 (

Annotations:
D:2 1 runed translucent door, Crazy Yiuf


Innate Abilities, Weirdness & Mutations

You are too large for most types of armour.
You have claws for hands.
Your natural rate of healing is unusually fast.
You are covered in fur. (AC +1)
You have tough skin. (AC +1)


Message History

The sling bullet burns the adder.
You shoot a sling bullet. The sling bullet hits the adder.
The sling bullet burns the adder.
You kill the adder!
An iguana comes into view.
You shoot a sling bullet. The iguana hisses angrily.
The sling bullet hits the iguana.
The sling bullet burns the iguana.
No target in view!
You see here 11 gold pieces.
You shoot a sling bullet.
The sling bullet hits the iguana but does no damage.
You shoot a sling bullet.
The sling bullet closely misses the iguana.
Your +0 sling of flaming stops flaming.
You are now empty-clawed.
You scratch the iguana. The iguana bites you.
You scratch the iguana but do no damage.
You block the iguana's attack.
You claw the iguana!
You kill the iguana!
You now have 255 gold pieces (gained 11).
Your +0 sling of flaming bursts into flame!
b - a +0 sling of flaming (weapon)
Found a manual of Invocations.
You pick up a manual of Invocations {!d} and begin studying.
The acid dragon roars!
You hear two shouts!
The acid dragon spits acid at you. The splash of acid hits you!!
The acid corrodes you!
Your +0 sling of flaming stops flaming.
You are now empty-clawed.
You are too injured to fight recklessly!
You are too injured to fight recklessly!
A two-headed ogre comes into view.
It is wielding two +0 giant spiked clubs.
The two-headed ogre shouts in stereo!
The acid dragon closely misses you. The acid dragon claws you.
You claw the acid dragon! You block the acid dragon's attack.
The acid dragon claws you.
* * * LOW HITPOINT WARNING * * *
You claw the acid dragon! The acid dragon barely misses you.
You block the acid dragon's attack.
You scratch the acid dragon but do no damage.
The acid dragon spits acid at you. The splash of acid hits you!!
* * * LOW HITPOINT WARNING * * *
The acid corrodes you!
You scratch the acid dragon.
You kill the acid dragon!
The acid dragon scales are intact enough to wear.
You block the two-headed ogre's attack.
The two-headed ogre hits you with a +0 giant spiked club!!
You die...

#........# #......#
#............
#...#..#
#.........#..
#...#..#
#####...#.# #
...#....# ##'..###
..##....#
#...##.#######....#
#.##..............#
#...##.#######.#..#
+...@### #....#
#..O#[# #....#
###...# ..####
..... ### .....#.
......#.. .......#
.. ...... .# ...


You could see a two-headed ogre.

Vanquished Creatures
  An acid dragon (D:5)
  An ogre (D:4)
  Blork the orc (D:4)
  A killer bee (D:4)
  A hound (D:5)
  Jessica (D:2)
  2 iguanas (D:5)
  A sleepcap (D:4)
  An orc wizard (D:3)
  3 gnolls (D:4)
  7 adders
  An ufetubus (D:4)
  A worm (D:4)
  A dart slug (D:1)
  6 orcs
  4 ball pythons
  7 bats
  3 bat zombies (D:3)
  8 endoplasms
  5 giant cockroaches
  8 goblins
  8 hobgoblins
  4 jackals (D:1)
  8 kobolds
  8 quokkas
  6 frilled lizards
  3 rats
101 creatures vanquished.

Vanquished Creatures (others)
  A wizard (D:4)
1 creature vanquished.

Grand Total: 102 creatures vanquished

Notes
Turn   | Place    | Note
-------+----------+-------------------------------------------
     0 | D:1      | Pooter the Troll Fighter began the quest for the Orb.
     0 | D:1      | Reached XP level 1. HP: 22/22 MP: 0/0
   134 | D:1      | Reached XP level 2. HP: 29/29 MP: 1/1
   594 | D:1      | Reached XP level 3. HP: 36/36 MP: 2/2
   612 | D:1      | Reached skill level 1 in Throwing
   894 | D:2      | Reached skill level 3 in Unarmed Combat
   905 | D:2      | Noticed Jessica
   925 | D:2      | Killed Jessica
   926 | D:2      | Reached XP level 4. HP: 44/44 MP: 3/3
  1021 | D:2      | Reached skill level 1 in Ranged Weapons
  1096 | D:2      | Found a runed translucent door.
  1097 | D:2      | Noticed Crazy Yiuf
  1824 | D:3      | Found Ykhear's Weapon Shoppe.
  1964 | D:3      | Reached XP level 5. HP: 53/53 MP: 4/4
  2094 | D:3      | Found an ancient bone altar of Kikubaaqudgha.
  2823 | D:4      | Noticed Blork the orc
  2834 | D:4      | Killed Blork the orc
  2835 | D:4      | Reached skill level 4 in Unarmed Combat
  2983 | D:4      | Noticed an ogre
  2993 | D:4      | Killed an ogre
  2994 | D:4      | Reached XP level 6. HP: 61/61 MP: 5/5
  3161 | D:4      | Found a bloodstained altar of Trog.
  3335 | D:4      | Noticed a wizard
  3340 | D:4      | Killed a wizard
  3388 | D:5      | Entered Level 5 of the Dungeon
  3413 | D:5      | Noticed an acid dragon
  3594 | D:5      | Got Nitosm's Beginning Course on Wizarding
  3597 | D:5      | Learned a level 1 spell: Apportation
  3623 | D:5      | Reached XP level 7. HP: 64/67 MP: 6/6
  3722 | D:5      | Noticed a two-headed ogre
  3726 | D:5      | Demolished by a two-headed ogre

Illustrated notes

Levels and vault maps discovered:
D:1:      psy_arrival_wood_between_worlds, layout_loops_ring,
          minmay_misc_feat_pillars, minivault_14
D:2:      layout_basic, due_unseen_surprise, uniq_crazy_yiuf_cottage,
          uniq_jessica
D:3:      layout_loops_ring, lemuel_zombie_altar_kikubaaqudgha, serial_shops,
          shop, serial_aquarium, aquarium_bridge_straight
          [aquarium_subvault_bridge, aquarium_subvault_wall,
          aquarium_subvault_bridge, aquarium_subvault_window],
          aquarium_window_fake, aquarium_window_1, aquarium_view_2a,
          aquarium_view_2f, aquarium_balcony_3b
D:4:      layout_basic, trog_wizard, minmay_pentomino_pile, uniq_blork_the_orc
D:5:      layout_gridville, lemuel_round_altar, minmay_manual_monstrance

Skill      XL: |  1  2  3  4  5 |
---------------+----------------+-----
Throwing       | 1 2 |  2.6
Unarmed Combat | 3 4 |  4.8
Ranged Weapons | 1 |  1.9
Fighting       | 3 |  3.5
Shields        | 3 |  3.4
Dodging        | |  2.4
Translocations | |  0.2

Action                     |  1- 3 |  4- 6 |  7- 9 || total
---------------------------+-------+-------+-------++-------
  Melee: Unarmed           |    70 |   156 |     7 ||   233
         Broad axe         |       |    45 |       ||    45
   Fire: Sling             |    61 |   110 |     6 ||   177
  Throw: Boomerang         |     4 |     1 |       ||     5
    Use: Scroll            |       |     6 |       ||     6
         Potion            |       |     1 |       ||     1
 Armour: Robe              |    25 |    78 |       ||   103
  Dodge: Dodged            |    23 |    77 |     2 ||   102
  Block: Kite shield       |    30 |   101 |     4 ||   135

Table legend: (Time is in decaauts)
 A = Elapsed time spent in this place.
 B = Non-inter-level travel time spent in this place.
 C = Inter-level travel time spent in this place.
 D = Time resting spent in this place.
 E = Time spent auto-exploring this place.
 F = Levels seen in this place.
 G = Mean time per level.
                   A        B        C        D        E       F      G
               +--------+--------+--------+--------+--------+-----+--------+
         Total |   3820 |   3670 |    150 |    405 |   2273 |   5 |  764.0 |
       Dungeon |   3820 |   3670 |    150 |    405 |   2273 |   5 |  764.0 |
               +--------+--------+--------+--------+--------+-----+--------+

Top non-repeatable levels by time:
     D:3: 1009 daAuts
     D:4: 925 daAuts
     D:2: 876 daAuts
     D:1: 845 daAuts
     D:5: 164 daAuts
